 Dungeon Crawl Stone Soup version 0.23.2-40-g277498a001 (webtiles) character file.

Game seed: 17939898027544375613

272 DildoBatman the Conjurer (level 6, -9/41 HPs)
             Began as a Formicid Wizard on Sept 26, 2019.
             Mangled by an iguana (14 damage)
             ... on level 4 of the Dungeon.
             The game lasted 00:11:44 (3944 turns).

DildoBatman the Conjurer (Formicid Wizard)          Turns: 3944, Time: 00:11:45

Health: -9/41      AC:  2    Str: 12    XL:     6   Next: 48%
Magic:  2/10       EV: 12    Int: 19    God:
Gold:   169        SH:  0    Dex:  9    Spells: 4/11 levels left

rFire    . . .     SeeInvis +   a - +0 dagger (flame)
rCold    . . .     Gourm    .   (no shield)
rNeg     . . .     Faith    .   r - +0 robe
rPois    .         Spirit   .   (helmet unavailable)
rElec    .         Reflect  .   (no cloak)
rCorr    .         Harm     .   (no gloves)
MR       .....                  (no boots)
Stlth    ++........             (no amulet)
HPRegen  0.13/turn              (no ring)
MPRegen  0.12/turn              (no ring)

@: no status effects
A: permanent stasis, dig shafts and tunnels, four strong arms, antennae 3
a: Dig, Shaft Self


You were on level 4 of the Dungeon.
You were not hungry.

You visited 1 branch of the dungeon, and saw 4 of its levels.

You collected 169 gold pieces.

Inventory:

Hand Weapons
 a - a +0 dagger of flaming (weapon)
Missiles
 b - 171 stones (quivered)
 c - 54 arrows
 i - 28 sling bullets
 u - 2 throwing nets
Armour
 l - a +0 shield
 r - a +0 robe (worn)
 s - a +0 pair of boots
Jewellery
 q - an uncursed ring of poison resistance {unknown}
Scrolls
 e - a scroll of blinking {unknown}
 f - 4 scrolls of magic mapping {unknown}
 g - 3 scrolls of amnesia {unknown}
 j - 3 scrolls of enchant armour {unknown}
 k - a scroll of random uselessness {unknown}
 o - 3 scrolls of identify {unknown}
 t - 3 scrolls of teleportation {unknown}
 w - a scroll of enchant weapon {unknown}
Potions
 d - a potion of ambrosia {unknown}
 n - a potion of agility {unknown}
 p - a potion of mutation {unknown}
Comestibles
 v - 7 rations


   Skills:
 - Level 1.7 Dodging
 - Level 2.4 Stealth
 - Level 3.2 Spellcasting
 * Level 5.5 Conjurations
   Level 1.0 Summonings
   Level 0.8 Translocations


You had 4 spell levels left.
You knew the following spells:

 Your Spells              Type           Power        Failure   Level  Hunger
a - Conjure Flame         Conj/Fire      ##......     14%         3    ###....
c - Magic Dart            Conj           ###.         1%          1    None
e - Mephitic Cloud        Conj/Pois/Air  ##......     21%         3    ###....

Your spell library contained the following spells:

 Spells                   Type           Power        Failure   Level  Hunger
 Call Imp                 Summ           #.......     16%         2    ##.....
 Slow                     Hex            #.......     22%         2    ##.....
 Blink                    Tloc           Unusable     N/A         2    N/A

Dungeon Overview and Level Annotations

Branches:
Dungeon (4/15)
 Temple: D:4-7

Altars:
Dithmenos
Ru
Trog

Annotations:
D:3 Grinder, Pikel
D:4 1 exclusion, Sigmund


Innate Abilities, Weirdness & Mutations

You cannot be hasted, slowed, berserked, paralysed or teleported.
You can dig through walls and to a lower floor.
Your four strong arms can wield two-handed weapons with a shield.
You have a pair of large antennae on your head. (SInv)


Message History

Press: ? - help, Shift-Dir - straight line, f/p - worker ant
Aim: a worker ant The magic dart hits the iguana.
The iguana is lightly wounded.
The iguana closely misses you.
Unknown command.
Casting: Magic Dart (safe; 1% risk of failure)
Confirm with . or Enter, or press ? or * to list all spells.
Aiming: Mephitic Cloud (safe; 21% risk of failure)
Press: ? - help, Shift-Dir - straight line, f - iguana
Aim: an iguana (lightly wounded) That beam is likely to hit you.
Continue anyway?
The ball explodes into a vile cloud!
The stinking cloud engulfs the iguana but does no damage.
The iguana is lightly wounded.
The stinking cloud engulfs you but does no damage.
The iguana is engulfed in noxious fumes.
The iguana appears confused.
The iguana bites you!
You die...

..###...l.....##...
...#...####.###
.......# #..#
...###.###..#
............# #
............# .#
............## ..#
.............#####..#
.........###..☼l@...#
##.....## ##.#####..#
##...## #..# #.#
##.#.####{## ..
####a.#.#.#{# #
#..a####{#.## .####
##### ##


You could see an iguana (confused).

Vanquished Creatures
  4 slaves (D:3)
  A bullfrog (D:4)
  2 orc wizards (D:3)
  8 adders
  A shadow imp (D:4)
  An ooze (D:3)
  An adder skeleton (D:4)
  A worm (D:3)
  2 dart slugs
  3 leopard geckos
  6 orcs
  2 giant cockroaches
  9 goblins
  8 hobgoblins
  2 jackals (D:1)
  A quokka (D:2)
  4 bats
  4 frilled lizards
  6 kobolds
  7 rats
73 creatures vanquished.

Notes
Turn   | Place    | Note
-------+----------+-------------------------------------------
     0 | D:1      | DildoBatman the Formicid Wizard began the quest for the
                  | Orb.
     0 | D:1      | Reached XP level 1. HP: 13/13 MP: 4/4
    49 | D:1      | Reached skill level 1 in Conjurations
   282 | D:1      | Reached XP level 2. HP: 7/19 MP: 3/6
   424 | D:1      | Reached skill level 2 in Conjurations
   869 | D:1      | Reached XP level 3. HP: 24/24 MP: 4/7
   874 | D:1      | Learned a level 3 spell: Conjure Flame
   878 | D:1      | Learned a level 3 spell: Mephitic Cloud
  1094 | D:2      | Reached skill level 3 in Conjurations
  1255 | D:2      | Reached XP level 4. HP: 30/30 MP: 4/8
  1291 | D:2      | Found a sacrificial altar of Ru.
  2112 | D:3      | Reached skill level 4 in Conjurations
  2112 | D:3      | Reached XP level 5. HP: 35/35 MP: 2/9
  2699 | D:3      | Found a bloodstained altar of Trog.
  2933 | D:3      | Reached XP level 6. HP: 41/41 MP: 4/10
  2942 | D:3      | Reached skill level 5 in Conjurations
  3319 | D:4      | Noticed Pikel
  3319 | D:4      | Noticed a slave
  3319 | D:4      | Noticed a slave
  3319 | D:4      | Noticed a slave
  3319 | D:4      | Noticed a slave
  3356 | D:3      | Killed a slave
  3444 | D:3      | Killed a slave
  3449 | D:3      | Killed a slave
  3457 | D:3      | Killed a slave
  3654 | D:4      | Noticed Grinder
  3718 | D:4      | Noticed Sigmund
  3768 | D:4      | Found a shadowy altar of Dithmenos.
  3822 | D:4      | HP: 1/41 [Sigmund/magic dart (4)]
  3836 | D:4      | HP: 1/41 [cloud of noxious fumes (1)]
  3923 | D:4      | HP: 2/41 [shadow imp (5)]
  3944 | D:4      | Mangled by an iguana

Skill      XL: |  1  2  3  4  5  6 |
---------------+-------------------+-----
Conjurations   | 1 2 3 4 5 |  5.5
Dodging        | |  1.7
Stealth        | |  2.4
Spellcasting   | |  3.2
Summonings     | |  1.0
Translocations | |  0.8

Action                   |  1- 3 |  4- 6 || total
-------------------------+-------+-------++-------
Melee: Unarmed           |    31 |       ||    31
       Club              |     9 |     3 ||    12
       Dagger            |       |    45 ||    45
Throw: Stone             |       |     4 ||     4
 Cast: Magic Dart        |    56 |   128 ||   184
       Mephitic Cloud    |       |    13 ||    13
       Conjure Flame     |       |     3 ||     3
 Abil: Dig               |       |    11 ||    11
  Use: Potion            |       |     2 ||     2
 Stab: Confused          |       |     2 ||     2
  Eat: Chunk             |     1 |     9 ||    10
       Ration            |       |     1 ||     1
Armor: Robe              |    12 |    12 ||    24
Dodge: Dodged            |    45 |    75 ||   120
